Map: Ice and Chrome LE

Players

Astrea

  • Race: Protoss Protoss
  • League: Master
  • Spawn Location: 1:00

TYTY (TY) - Winner!

  • Race: Terran Terran
  • League: Master
  • Spawn Location: 7:00

Event: DreamHack SC2 Masters 2020 Fall

VOD

Have the link to the VOD?

Description

Time

  • Played on: Sept. 15, 2020, 1:01 p.m.
  • Length: 7:37
Show
View Real Time Build Order
Export as new Build Order

Astrea Protoss 

Build Orders: 1 Gate Expand, Blink Stalkers 

Get SALT Encoding   

  12  0:00  Probe  
  13  0:12  Probe  
  14  0:16  Pylon  
  14  0:24  Probe (Chrono Boost)  
  16  0:35  Gateway  
  16  0:36  Probe (Chrono Boost)  
  16  0:42  Probe (Chrono Boost)  
  16  0:45  Assimilator  
  17  0:51  Probe  
  18  1:03  Probe  
  19  1:15  Probe  
  20  1:23  Cybernetics Core  
  20  1:32  Nexus  
  20  1:34  Probe  
  21  1:41  Pylon  
  21  1:46  Probe  
  22  1:52  Assimilator  
  22  1:56  Adept (Chrono Boost)  
  22  1:58  Probe  
  25  2:03  Warp Gate  
  25  2:10  Probe  
  25  2:12  Shield Battery  
  26  2:17  Stalker (Chrono Boost)  
  28  2:23  Probe  
  29  2:36  Twilight Council, Probe (Chrono Boost)  
  30  2:44  Probe (Chrono Boost)  
  32  2:53  Probe x2 (Chrono Boost)  
  32  2:56  Robotics Facility  
  33  2:59  Probe  
  33  3:01  Probe  
  35  3:11  Probe  
  36  3:13  Probe  
  36  3:19  Blink  
  37  3:23  Probe  
  38  3:28  Probe  
  38  3:29  Gateway  
  38  3:31  Gateway  
  39  3:35  Probe  
  39  3:38  Shield Battery  
  39  3:40  Probe  
  41  3:44  Observer  
  41  3:47  Probe  
  41  3:48  Pylon  
  43  3:52  Stalker, Probe  
  46  4:02  Assimilator  
  46  4:04  Pylon  
  46  4:06  Probe  
  46  4:07  Probe  
  48  4:12  Warp Prism (Chrono Boost)  
  49  4:18  Probe  
  49  4:19  Stalker, Probe  
  53  4:24  Stalker  
  53  4:25  Stalker  
  53  4:30  Probe  
  58  4:32  Pylon  
  58  4:37  Assimilator  
  58  4:38  Probe  
  59  4:41  Observer  
  59  4:42  Probe  
  61  4:51  Stalker x2  
  61  5:00  Probe  
  63  5:10  Pylon  
  62  5:15  Stalker x3  
  62  5:19  Probe x2  
  70  5:25  Robotics Bay  
  70  5:35  Observer  
  70  5:36  Pylon  
  70  5:38  Probe x2  
  70  5:52  Nexus  
  70  5:54  Sentry, Charge  
  72  6:08  Probe  
  72  6:09  Probe  
  72  6:10  Colossus (Chrono Boost)  
  76  6:20  Probe  
  76  6:21  Probe  
  76  6:25  Gateway  
  78  6:26  Gateway  
  78  6:29  Gateway  
  78  6:33  Probe x2  
  80  6:40  Zealot x3  
  80  6:45  Shield Battery  
  80  6:46  Pylon  
  80  7:02  Stalker x3  
  64  7:20  Stalker  
  58  7:24  Stalker x2  
  58  7:25  Stalker x2  
  58  7:28  Stalker  
Show
View Real Time Build Order
Export as new Build Order

TYTY Terran - Winner!

Build Orders: Reaper Expand 

Get SALT Encoding   

  12  0:00  SCV  
  13  0:12  SCV  
  14  0:17  Supply Depot  
  14  0:24  SCV  
  15  0:38  SCV  
  15  0:40  Barracks  
  16  0:43  Refinery  
  16  0:51  SCV  
  17  1:03  SCV  
  18  1:15  SCV  
  19  1:27  Orbital Command, Reaper  
  20  1:43  Command Center  
  20  1:54  SCV  
  20  1:58  Supply Depot  
  20  1:59  Marine  
  22  2:09  Factory  
  22  2:11  SCV  
  23  2:19  Marine  
  24  2:23  SCV  
  24  2:27  Refinery  
  25  2:35  SCV  
  26  2:40  Barracks Reactor  
  26  2:47  SCV  
  27  2:53  Hellion  
  27  2:56  Starport  
  29  3:00  SCV  
  30  3:12  SCV  
  31  3:15  Orbital Command, Widow Mine  
  31  3:17  Marine x2  
  35  3:24  SCV  
  36  3:34  Medivac, Marine  
  36  3:35  Supply Depot, Marine  
  36  3:36  Widow Mine, SCV  
  44  3:41  SCV  
  44  3:48  SCV  
  45  3:52  Marine  
  46  3:56  SCV, Marine  
  46  3:59  Factory Tech Lab  
  46  4:00  SCV  
  49  4:04  Starport Tech Lab, Barracks  
  49  4:05  Barracks  
  49  4:10  SCV, Marine  
  49  4:14  Supply Depot  
  51  4:17  SCV  
  51  4:23  SCV  
  52  4:24  Raven  
  54  4:36  Factory Reactor, Marine x2  
  54  4:37  SCV x2  
  58  4:38  Supply Depot  
  58  4:39  Refinery  
  58  4:41  Supply Depot  
  56  4:49  SCV x2  
  58  4:53  Bunker, Marine x2  
  60  5:01  SCV  
  60  5:02  SCV  
  58  5:07  Engineering Bay  
  58  5:11  Stimpack, Marine x2  
  58  5:12  Marauder  
  58  5:13  Marauder  
  64  5:14  SCV  
  64  5:17  Supply Depot  
  65  5:22  SCV  
  65  5:25  Medivac  
  65  5:26  SCV, Concussive Shells  
  71  5:30  Marine x2  
  71  5:34  SCV  
  72  5:35  Terran Infantry Weapons Level 1  
  72  5:38  Marauder x2, Supply Depot  
  72  5:41  SCV  
  76  5:46  SCV  
  76  5:48  Medivac, Marine x2  
  80  5:52  Refinery  
  80  5:53  SCV  
  80  5:55  Factory Tech Lab  
  81  5:58  Missile Turret  
  81  5:59  Marauder  
  81  6:02  SCV  
  83  6:05  Marine  
  83  6:06  SCV, Marine  
  85  6:14  SCV  
  85  6:17  Siege Tank  
  84  6:19  SCV  
  85  6:26  SCV  
  85  6:28  Marine x3  
  85  6:31  Supply Depot  
  89  6:33  SCV  
  89  6:38  Command Center  
  89  6:39  SCV  
  91  6:45  SCV, Marine  
  91  6:46  Marine  
  94  6:48  Supply Depot  
  94  6:53  Viking, Siege Tank  
  99  6:58  Viking  
  98  7:02  Marine x2  
  98  7:05  Marine x2  
  97  7:10  SCV x2  
  97  7:24  SCV x2  

Tags
 
Add a new tag
Caveats
  • Supply blocks, unpowered buildings, or Contaminate may cause inaccurate times.
  • Supply counts are checked every 10 seconds.